 Dungeon Crawl Stone Soup version 0.20.1-1-g8b1a95d (webtiles) character file.

2223 Monsterracer the Cleaver (level 9, -1/82 HPs)
             Began as a Hill Orc Warper on Aug 12, 2017.
             Was a Follower of Nemelex Xobeh.
             Slain by a hippogriff (4 damage)
             ... on level 8 of the Dungeon.
             The game lasted 00:19:47 (7826 turns).

Monsterracer the Cleaver (Hill Orc Warper)          Turns: 7826, Time: 00:19:47

Health: -1/82      AC: 12    Str: 16 (17) XL:     9   Next: 35%
Magic:  13/13      EV:  7    Int: 15      God:    Nemelex Xobeh [*.....]
Gold:   405        SH:  0    Dex:  8      Spells: 11/11 levels left

rFire    . . .     SeeInvis +   a - +1 war axe (chop)
rCold    . . .     Gourm    .   (no shield)
rNeg     . . .     Faith    .   t - +0 chain mail (curse)
rPois    .         Spirit   .   (no helmet)
rElec    .         Reflect  .   c - +0 cloak
rCorr    .         Harm     .   u - +0 pair of gloves
MR       .....                  (no boots)
Stlth    ..........             (no amulet)
Regen    0.3/turn               B - ring of see invisible
MPRegen  0.2/turn               (no ring)

@: hasted, very quick
A: clever 1, clumsy 1, deterioration 1, sense surroundings 1
a: Renounce Religion, Convert to Beogh


You were on level 8 of the Dungeon.
You worshipped Nemelex Xobeh.
Nemelex Xobeh was aware of your devotion.
You were near starving.

You visited 1 branch of the dungeon, and saw 7 of its levels.

You collected 405 gold pieces.

Inventory:

Hand Weapons
 a - a +1 war axe of chopping (weapon)
 b - a +1 whip of electrocution
Armour
 c - a +0 cloak (worn)
 m - a +0 plate armour
 t - a cursed +0 chain mail (worn)
 u - a +0 pair of gloves (worn)
 E - a +2 buckler
Jewellery
 s - an uncursed ring of ice
 B - a ring of see invisible (left hand)
Wands
 G - a wand of flame (12/48)
Scrolls
 d - a scroll of blinking
 e - a scroll of remove curse
 i - a scroll of recharging {unknown}
 j - a scroll of fear
 n - a scroll of enchant armour {unknown}
 o - a scroll of teleportation {unknown}
 p - a scroll of enchant weapon
 w - a scroll of noise {unknown}
 x - a scroll of fog {unknown}
 y - a scroll of magic mapping
 A - a scroll of random uselessness {unknown}
 C - a scroll of amnesia
 D - 2 scrolls of immolation
Potions
 g - 2 potions of flight
 k - 2 potions of curing
 q - 2 potions of ambrosia
 r - 3 potions of heal wounds
 v - a potion of magic
 H - a potion of haste
Miscellaneous
 h - a plain deck of destruction {drawn: 2}
Comestibles
 f - 6 bread rations
 F - 4 meat rations


   Skills:
 * Level 8.9 Fighting
 * Level 9.5 Axes
 - Level 0.8 Throwing
 + Level 5.5 Armour
 - Level 1.5 Dodging
 - Level 1.5 Spellcasting
   Level 2.4 Translocations
 + Level 5.7 Invocations


You had 11 spell levels left.
You didn't know any spells.

Dungeon Overview and Level Annotations

Branches:
Dungeon (6/15)             Temple (0/1) D:6

Altars:
Elyvilon
Kikubaaqudgha
Nemelex Xobeh
Trog
The Shining One


Innate Abilities, Weirdness & Mutations

Your mind is acute. (Int +2)
You are clumsy. (Dex -2)
Your body sometimes deteriorates upon taking damage.
You passively map a small area around you.


Message History

Press: ? - help, Shift-Dir - straight line, f - orc priest
Aim: an orc priest, wielding a war axe The glob of acid hits the hippogriff.
The hippogriff is splashed with acid.
The hippogriff is heavily wounded.
The hippogriff bites you.
* * * LOW HITPOINT WARNING * * *
The hippogriff pecks you but does no damage.
The hippogriff claws you.
* * * LOW HITPOINT WARNING * * *
Huge Dmg: -8%(-7hp) hp: 25%(20hp)
The orc priest calls down the wrath of Beogh upon you.
Beogh smites you!
* * * LOW HITPOINT WARNING * * *
Huge Dmg: -19%(-16hp) hp: 8%(6hp)
Okay, then.
It was a potion of haste.
You feel yourself speed up. The hippogriff bites you.
* * * LOW HITPOINT WARNING * * *
The hippogriff pecks you.
You die...
Your body disappears without a glow.

##...... #.......
#.....§≈ #......≈
#......§ ###......≈
#........§
#############.##....§.
#....@Ho..oo..###.....
##..########..........
##oo,* #.###.[....
**#o####*#.###.)....
#....$##o##..#####
*#o.......## #
#......### . #..#..###
* #.#..## * *,


You could see a hippogriff, 2 orc priests and an orc.

Vanquished Creatures
  The ghost of Liatris the Chopper, an amateur DsGl of Okawaru (D:5)
  Grinder (D:4)
  Eustachio (D:3)
  A hungry ghost (D:8)
  Menkaure (D:4)
  A sky beast (D:6)
  A phantom (D:5)
  3 ogres
  A centaur (D:6)
  A scorpion (D:4)
  A crimson imp (D:4)
  2 lava snakes (D:8)
  A bullfrog zombie (D:6)
  A bullfrog skeleton (D:5)
  3 orc priests
  Jessica (D:3)
  3 worker ants
  Natasha (thrice) (D:4)
  6 orc wizards
  A worker ant zombie (D:5)
  5 gnolls
  5 adders
  2 shadow imps
  An ooze (D:2)
  2 adder skeletons
  3 worms
  3 dart slugs
  2 leopard geckos
  26 orcs
  A ball python (D:6)
  4 giant cockroaches
  10 goblins
  10 hobgoblins
  11 jackals
  15 kobolds
  4 quokkas
  11 bats
  2 frilled lizards
  A giant cockroach zombie (D:6)
  A leopard gecko skeleton (D:5)
  A quokka skeleton (D:4)
  11 rats
165 creatures vanquished.

Vanquished Creatures (collateral kills)
  An adder (D:4)
  A goblin (D:4)
  A kobold (D:4)
3 creatures vanquished.

Vanquished Creatures (others)
  A plant (D:3)
1 creature vanquished.

Grand Total: 169 creatures vanquished

Notes
Turn   | Place    | Note
-------+----------+-------------------------------------------
     0 | D:1      | Monsterracer the Hill Orc Warper began the quest for the Orb.
     0 | D:1      | Reached XP level 1. HP: 18/18 MP: 3/3
    95 | D:1      | Reached skill level 3 in Axes
    95 | D:1      | Reached XP level 2. HP: 19/25 MP: 4/4
   344 | D:1      | Reached XP level 3. HP: 20/31 MP: 5/5
  1246 | D:2      | Reached skill level 4 in Axes
  1246 | D:2      | Reached XP level 4. HP: 40/40 MP: 6/6
  1593 | D:3      | HP: 20/40 [poisoned by a worker ant]
  1599 | D:3      | HP: 15/40 [poisoned by a worker ant]
  1604 | D:3      | HP: 10/40 [poisoned by a worker ant]
  1606 | D:3      | HP: 3/40 [poisoned by a worker ant]
  1891 | D:3      | Noticed Jessica
  1907 | D:3      | Killed Jessica
  1907 | D:3      | Reached XP level 5. HP: 39/47 MP: 7/7
  2213 | D:3      | HP: 23/47 [poisoned by a worker ant]
  2218 | D:3      | HP: 22/47 [poisoned by a worker ant]
  2225 | D:3      | HP: 21/47 [poisoned by a worker ant]
  2233 | D:3      | HP: 20/47 [poisoned by a worker ant]
  2524 | D:2      | HP: 17/47 [gnoll/halberd (8)]
  2527 | D:2      | Reached skill level 5 in Fighting
  2806 | D:3      | Reached skill level 5 in Axes
  2873 | D:3      | Found a sparkling altar of Nemelex Xobeh.
  3013 | D:3      | Became a worshipper of Nemelex Xobeh the Trickster
  3049 | D:4      | Noticed Eustachio
  3088 | D:3      | HP: 22/48 [iron imp[Eustachio] (7)]
  3095 | D:3      | HP: 16/48 [Eustachio/falchion (2)]
  3096 | D:3      | Killed Eustachio
  3096 | D:3      | Reached skill level 1 in Invocations
  3096 | D:3      | Reached XP level 6. HP: 19/56 MP: 8/8
  3378 | D:4      | HP: 25/56 [orc priest/divine providence (14)]
  3415 | D:4      | Noticed Menkaure
  3580 | D:4      | HP: 22/56 [Menkaure (18)]
  3768 | D:4      | Received a gift from Nemelex Xobeh
  3850 | D:4      | Noticed Grinder
  3856 | D:4      | Paralysed by Grinder for 6 turns
  3863 | D:4      | HP: 24/56 [Grinder/nerve-wracking pain (9)]
  3873 | D:4      | Paralysed by Grinder for 3 turns
  3879 | D:4      | Paralysed by Grinder for 2 turns
  3890 | D:3      | HP: 28/56 [leopard gecko (1)]
  3901 | D:3      | HP: 26/57 [orc/mace (2)]
  3908 | D:3      | HP: 25/57 [orc/morningstar (2)]
  3999 | D:3      | Reached XP level 7. HP: 39/62 MP: 9/9
  4101 | D:4      | Noticed Natasha
  4110 | D:4      | Killed Natasha
  4121 | D:4      | Noticed Natasha
  4127 | D:4      | Reached skill level 6 in Axes
  4135 | D:4      | Killed Natasha
  4151 | D:4      | Noticed Natasha
  4168 | D:4      | HP: 30/63 [white imp[Natasha] (2)]
  4171 | D:4      | Killed Natasha
  4183 | D:4      | HP: 22/63 [adder (3)]
  4421 | D:4      | Paralysed by Grinder for 7 turns
  4474 | D:4      | Killed Grinder
  4918 | D:4      | HP: 24/64 [ogre/giant club (20)]
  4922 | D:4      | Reached skill level 7 in Axes
  4922 | D:4      | Reached XP level 8. HP: 20/71 MP: 10/10
  5226 | D:4      | Killed Menkaure
  5344 | D:5      | Entered Level 5 of the Dungeon
  5344 | D:5      | Noticed Liatris's ghost (amateur DsGl)
  5362 | D:5      | HP: 35/73 [Liatris's ghost (6)]
  5368 | D:4      | HP: 31/73 [poisoned by a scorpion]
  5374 | D:4      | HP: 30/73 [poisoned by a scorpion]
  5382 | D:4      | HP: 29/73 [poisoned by a scorpion]
  5390 | D:4      | HP: 29/73 [poisoned by a scorpion]
  6139 | D:5      | Killed Liatris's ghost
  6139 | D:5      | Reached skill level 8 in Axes
  6294 | D:5      | Found a white marble altar of Elyvilon.
  6295 | D:5      | Reached * piety under Nemelex Xobeh
  6359 | D:5      | Reached skill level 5 in Armour
  6588 | D:6      | Found an ancient bone altar of Kikubaaqudgha.
  6591 | D:6      | Found a glowing golden altar of the Shining One.
  6593 | D:6      | Found a bloodstained altar of Trog.
  6770 | D:6      | Reached skill level 5 in Invocations
  6926 | D:6      | Reached XP level 9. HP: 71/82 MP: 12/12
  7062 | D:6      | Reached skill level 9 in Axes
  7262 | D:6      | Found a sparkling altar of Nemelex Xobeh.
  7298 | D:6      | Gained mutation: Your body sometimes deteriorates upon taking damage. [mutagenic meat]
  7299 | D:6      | Gained mutation: You passively map a small area around you. [mutagenic meat]
  7300 | D:6      | Gained mutation: Your mind is acute. (Int +2) [mutagenic meat]
  7301 | D:6      | Gained mutation: You are clumsy. (Dex -2) [mutagenic meat]
  7536 | D:6      | Found a staircase to the Ecumenical Temple.
  7617 | D:6      | You fall through a shaft for 2 floors!
  7746 | D:8      | HP: 38/82 [lava snake/glob of lava (6)]
  7749 | D:8      | HP: 18/82 [lava snake/glob of lava (10)]
  7755 | D:8      | HP: 12/82 [lava snake (2)]
  7815 | D:8      | HP: 39/82 [hippogriff (6)]
  7825 | D:8      | HP: 6/82 [orc priest/divine providence (16)]
  7826 | D:8      | Slain by a hippogriff

Skill      XL: |  1  2  3  4  5  6  7  8  9 |
---------------+----------------------------+-----
Axes           | 3 4 5 7 8 9 |  9.5
Fighting       | 3 4 5 6 8 |  8.9
Armour         | 2 3 4 5 |  5.5
Invocations    | 1 2 3 5 |  5.7
Throwing       | |  0.8
Dodging        | |  1.5
Spellcasting   | |  1.5
Translocations | |  2.4

Action                   |  1- 3 |  4- 6 |  7- 9 || total
-------------------------+-------+-------+-------++-------
Melee: Hand axe          |   135 |   244 |    59 ||   438
       War axe           |       |       |   326 ||   326
Throw: Tomahawk          |       |     5 |       ||     5
Evoke: Deck              |       |       |     2 ||     2
       Wand              |       |       |     3 ||     3
  Use: Potion            |       |     2 |     2 ||     4
       Scroll            |       |     2 |     8 ||    10
  Eat: Chunk             |     1 |     9 |    18 ||    28
       Fruit             |       |       |     3 ||     3
       Royal jelly       |       |       |     2 ||     2
Armor: Leather armour    |    14 |       |       ||    14
       Chain mail        |    97 |   161 |   133 ||   391
       Plate armour      |       |       |   161 ||   161
Dodge: Dodged            |    79 |    94 |   134 ||   307
